 Dungeon Crawl Stone Soup version 0.31-a0-233-g139696dc86 (webtiles) character file.

Game seed: 6873547597545507786

564 Nattfarinn the Trooper (level 7, -8/57 HPs)
             Began as a Djinni Venom Mage on July 9, 2023.
             Was an Initiate of Makhleb.
             Mangled by an ice beast (18 damage)
             ... on level 5 of the Dungeon.
             The game lasted 00:10:24 (4108 turns).

Nattfarinn the Trooper (Djinni Venom Mage)          Turns: 4108, Time: 00:10:25

Health: -8/57      AC:  4    Str:  7    XL:     7   Next: 58%
Gold:   210        EV: 12    Int: 19    God:    Makhleb [......] SH:  0 Dex: 13

rFire   + + .        y - +5 short sword
rCold   x . .        (no shield)
rNeg    . . .        a - +0 robe
rPois   ∞            o - +0 helmet
rElec   .            (no cloak)
rCorr   .            g - +0 pair of gloves
SInv    .            (boots unavailable)
Will    .....        (no amulet)
Stlth   ++           z - ring of wizardry
HPRegen 0.29/turn    (no ring)
MPRegen 0.00/turn

%: wizardry (x1), infuse magic (-9 HP)
@: about to teleport, weak-willed, flying
A: sickness immunity, fire resistance 2, cold vulnerability 1, float, innate
caster, HP casting, extra vitality 1
a: Renounce Religion


You were on level 5 of the Dungeon.
You worshipped Makhleb.
Makhleb was noncommittal.
You visited 2 branches of the dungeon, and saw 6 of its levels.

You collected 210 gold pieces.

Inventory:

Hand Weapons
 n - a +1 flail of protection
 s - a +2 whip of venom
 y - a +5 short sword (weapon)
Armour
 a - a +0 robe (worn)
 g - a +0 pair of gloves (worn)
 o - a +0 helmet (worn)
Magical Staves
 e - a staff of air
Jewellery
 z - a ring of wizardry (left hand)
Scrolls
 d - a scroll of blinking {unknown}
 f - 2 scrolls of enchant weapon {unknown}
 h - 7 scrolls of identify {unknown}
 i - 2 scrolls of teleportation
 k - 2 scrolls of immolation {unknown}
 l - 3 scrolls of vulnerability
 m - a scroll of enchant armour {unknown}
 p - 3 scrolls of silence {unknown}
 w - a scroll of fear {unknown}
 x - 3 scrolls of revelation {unknown}
Potions
 b - a potion of might {unknown}
 c - 3 potions of mutation {unknown}
 j - 3 potions of degeneration {unknown}
 q - a potion of invisibility {unknown}
 r - a potion of heal wounds {unknown}
 t - 2 potions of lignification {unknown}
 u - 3 potions of ambrosia {unknown}
 v - a potion of brilliance {unknown}


   Skills:
 * Level 6.3 Fighting
 - Level 2.1 Dodging
 - Level 1.5 Stealth
 + Level 4.1 Spellcasting
 + Level 4.1 Conjurations
 + Level 4.1 Hexes
 + Level 4.1 Summonings
 + Level 4.1 Necromancy
 + Level 4.1 Translocations
 + Level 4.1 Transmutations
 + Level 4.1 Fire Magic
 + Level 4.1 Ice Magic
 + Level 4.1 Air Magic
 + Level 4.1 Earth Magic
 + Level 4.1 Poison Magic


You knew the following spells:

 Your Spells              Type           Power      Damage    Failure   Level
a - Sting                 Tmut/Pois      76%        1d6       1%          1
b - Poisonous Vapours     Pois/Air       38%        N/A       1%          2
c - Mephitic Cloud        Conj/Pois/Air  19%        N/A       3%          3
d - Olgreb's Toxic Radia  Pois           19%        N/A       10%         4
e - Beastly Appendage     Tmut           38%        N/A       1%          1
f - Wereblood             Tmut           19%        N/A       1%          2
g - Gell's Gravitas       Tloc           19%        N/A       3%          3
Your spell library was empty.

Dungeon Overview and Level Annotations

Branches:
Dungeon (5/15)             Temple (1/1) D:4

Altars:
Ashenzari
Cheibriados
Dithmenos
Fedhas
Gozag
Makhleb
Qazlal
Ru
Uskayaw
Wu Jian
Xom
Yredelemnul
Zin

Shops:
D:4 **


Innate Abilities, Weirdness & Mutations

You are immune to sickness and miasma.
You are immune to poison.
Your flesh is very heat resistant. (rF++)
You are vulnerable to cold. (rC-)
You float through the air rather than walking.
You learn spells naturally, not from books.
Your magical power is your life essence.
You have superior vitality. (+4 MHP)


Message History

You hit the ice beast.
The ice beast is severely wounded.
The ice beast hits you. The ice beast freezes you!
You feel a terrible chill!
You hit the ice beast but do no damage.
The ice beast is severely wounded.
The ice beast hits you but does no damage.
Casting: Sting (safe; 1% risk of failure)
Confirm with . or Enter, or press ? or * to list all spells.
Okay, then.
Casting: Sting (safe; 1% risk of failure)
Confirm with . or Enter, or press ? or * to list all spells.
Okay, then.
Casting: Sting (safe; 1% risk of failure)
Confirm with . or Enter, or press ? or * to list all spells.
Aiming: Gell's Gravitas (dangerous; 3% risk of failure)
Press: ? - help, Dir - move target, p - ice beast Gravity reorients around empty space.
* * * LOW HITPOINT WARNING * * *
Casting: Gell's Gravitas (dangerous; 3% risk of failure)
Confirm with . or Enter, or press ? or * to list all spells.
Aiming: Gell's Gravitas (dangerous; 3% risk of failure)
Press: ? - help, Dir - move target Gravity reorients around empty space.
* * * LOW HITPOINT WARNING * * *
Casting: Gell's Gravitas (dangerous; 3% risk of failure)
Confirm with . or Enter, or press ? or * to list all spells.
Aiming: Gell's Gravitas (dangerous; 3% risk of failure)
Press: ? - help, Dir - move target Gravity reorients around empty space.
* * * LOW HITPOINT WARNING * * *
As you read the scroll labelled LUUPYH CIMN, it crumbles to dust.
Magic quickly surges around you.
It was a scroll of vulnerability.
The ice beast closely misses you.
The ice beast looks more healthy.
As you read the scroll labelled PADAQO XOPUW, it crumbles to dust.
You feel strangely unstable.
It was a scroll of teleportation.
The ice beast hits you.
* * * LOW HITPOINT WARNING * * *
The ice beast freezes you!!
You feel a terrible chill!
You die...

###
###.##############
.................#
....############.#
.##.# #@# .##.#
#Y# .##.# #.#
.##.# #.# .##.#
#.# .##.# #.#
.##.# #.# ..#.#
###.###.#######
....
...............


You could see an ice beast (weak-willed).

Vanquished Creatures
  Edmund (D:5)
  2 black bears
  A gnoll bouda (D:4)
  A hound (D:4)
  2 orc wizards
  3 gnolls (D:4)
  3 adders
  A white imp (D:3)
  4 worms
  2 dart slugs
  16 orcs
  A bat (D:1)
  5 endoplasms
  3 giant cockroaches
  3 goblins
  6 hobgoblins
  3 jackals (D:4)
  3 quokkas
  3 ball pythons
  2 frilled lizards
  4 kobolds
  A rat (D:2)
70 creatures vanquished.

Notes
Turn   | Place    | Note
-------+----------+-------------------------------------------
     0 | D:1      | Nattfarinn the Djinni Venom Mage began the quest for the
                  | Orb.
     0 | D:1      | Nattfarinn set off with the following spells memorised:
                  | Sting, Poisonous Vapours, Mephitic Cloud, Olgreb's Toxic
                  | Radiance.
     0 | D:1      | Reached XP level 1. HP: 15/15 MP: 0/0
   534 | D:1      | Reached skill level 1 in Fighting
   534 | D:1      | Reached XP level 2. HP: 22/22 MP: 0/0
  1210 | D:2      | Reached skill level 2 in Fighting
  1210 | D:2      | Reached XP level 3. HP: 21/28 MP: 0/0
  1210 | D:2      | Learned a level 1 spell: Beastly Appendage
  1908 | D:3      | Reached XP level 4. HP: 21/34 MP: 0/0
  1990 | D:3      | Reached skill level 3 in Fighting
  2425 | D:4      | Reached XP level 5. HP: 35/40 MP: 0/0
  2425 | D:4      | Learned a level 2 spell: Wereblood
  2707 | D:4      | Reached skill level 4 in Fighting
  2878 | D:4      | Found a staircase to the Ecumenical Temple.
  2886 | D:4      | Reached XP level 6. HP: 37/48 MP: 0/0
  2908 | Temple   | Entered the Ecumenical Temple
  3218 | Temple   | Became a worshipper of Makhleb the Destroyer
  3341 | D:4      | Reached skill level 5 in Fighting
  3506 | D:4      | Found Doez's Specific Store.
  3508 | D:4      | Found Eloesede's General Store.
  3633 | D:4      | Noticed a black bear
  3654 | D:4      | Killed a black bear
  3924 | D:5      | Entered Level 5 of the Dungeon
  3929 | D:5      | Found a stormy altar of Qazlal.
  3929 | D:5      | Noticed a water elemental
  3932 | D:5      | Noticed an air elemental
  3932 | D:5      | Noticed a fire elemental
  3943 | D:5      | Noticed Edmund
  3945 | D:5      | Noticed a black bear
  3955 | D:5      | Killed Edmund
  3956 | D:5      | Reached skill level 6 in Fighting
  3956 | D:5      | Reached XP level 7. HP: 50/56 MP: 0/0
  3956 | D:5      | Learned a level 3 spell: Gell's Gravitas
  4108 | D:5      | Mangled by an ice beast

Illustrated notes

Levels and vault maps discovered:
D:1:      saegor_arrival_simple_d, layout_basic, item_on_display_a
D:2:      layout_basic
D:3:      layout_rooms
D:4:      layout_basic, minmay_temple_entry_waves, grunt_ministairs_12,
          nicolae_specific_store
D:5:      layout_basic, nicolae_qazlal_style_of_elements,
          worldfamousw_hep_ancestral_shrine, gammafunk_temple_overflow_statue,
          uniq_edmund
Temple:   dpeg_chambers_temple

Skill      XL: |  1  2  3  4  5  6 |
---------------+-------------------+-----
Spellcasting   | 4 |  4.1
Conjurations   | 4 |  4.1
Hexes          | 4 |  4.1
Summonings     | 4 |  4.1
Necromancy     | 4 |  4.1
Translocations | 4 |  4.1
Transmutations | 4 |  4.1
Fire Magic     | 4 |  4.1
Ice Magic      | 4 |  4.1
Air Magic      | 4 |  4.1
Earth Magic    | 4 |  4.1
Poison Magic   | 4 |  4.1
Fighting       | 1 2 3 4 6 |  6.3
Dodging        | |  2.1
Stealth        | |  1.5

Action                     |  1- 3 |  4- 6 |  7- 9 || total
---------------------------+-------+-------+-------++-------
  Melee: Staff             |     4 |       |       ||     4
         Whip              |     4 |       |       ||     4
         Short sword       |       |    15 |     4 ||    19
   Cast: Sting             |    47 |    78 |     2 ||   127
         Poisonous Vapours |     3 |    10 |     5 ||    18
         Mephitic Cloud    |       |     3 |     1 ||     4
         Olgreb's Toxic Ra |       |     6 |       ||     6
         Gell's Gravitas   |       |       |     3 ||     3
    Use: Scroll            |       |       |     2 ||     2
 Armour: Robe              |    10 |    13 |     2 ||    25
  Dodge: Dodged            |    12 |    24 |     2 ||    38

Table legend: (Time is in decaauts)
 A = Elapsed time spent in this place.
 B = Non-inter-level travel time spent in this place.
 C = Inter-level travel time spent in this place.
 D = Time resting spent in this place.
 E = Time spent auto-exploring this place.
 F = Levels seen in this place.
 G = Mean time per level.
                   A        B        C        D        E       F      G
               +--------+--------+--------+--------+--------+-----+--------+
         Total |   4106 |   3859 |    247 |    124 |   3198 |   6 |  684.3 |
       Dungeon |   3768 |   3565 |    203 |    124 |   2918 |   5 |  753.6 |
        Temple |    337 |    293 |     44 |      0 |    280 |   1 |  337.0 |
               +--------+--------+--------+--------+--------+-----+--------+

Top non-repeatable levels by time:
     D:4: 1228 daAuts
     D:3: 807 daAuts
     D:2: 801 daAuts
     D:1: 747 daAuts
  Temple: 337 daAuts
     D:5: 183 daAuts
